 Dungeon Crawl Stone Soup version 0.31.0-4-g52a2dc7128 (webtiles) character file.

Game seed: 1937848189086044861

60 Roachkun the Poker (level 4, 0/35 HPs)
             Began as a Human Berserker on Jan 22, 2024.
             Was a Follower of Kikubaaqudgha.
             Slain by a black bear (9 damage)
             ... created by the rage of Trog
             ... on level 2 of the Dungeon.
             The game lasted 00:11:15 (939 turns).

Roachkun the Poker (Human Berserker)                 Turns: 939, Time: 00:11:19

Health: 0/35       AC:  8    Str: 19    XL:     4   Next: 6%
Magic:  4/4        EV:  8    Int:  8    God:    Kikubaaqudgha [*.....]
Gold:   156        SH:  0    Dex: 12    Spells: 3/3 levels left

rFire   . . .        a - +0 spear
rCold   . . .        (no shield)
rNeg    . . .        f - +0 chain mail
rPois   .            (no helmet)
rElec   .            (no cloak)
rCorr   .            (no gloves)
SInv    .            (no boots)
Will    .....        (no amulet) Stlth
                     (no ring)
HPRegen 0.25/turn    (no ring)
MPRegen 0.09/turn

%: no passive effects
@: no status effects
A: explore regen
a: Renounce Religion, Unearth Wretches


You were on level 2 of the Dungeon.
You worshipped Kikubaaqudgha.
Kikubaaqudgha was aware of your devotion.
You visited 1 branch of the dungeon, and saw 2 of its levels.

You collected 156 gold pieces.

Inventory:

Hand Weapons
 a - a +0 spear (weapon)
Armour
 b - a +0 animal skin
 c - a +0 ring mail
 f - a +0 chain mail (worn)
 j - a +0 ring mail
Scrolls
 g - a scroll of enchant armour {unknown}
 i - a scroll of enchant weapon {unknown}
 k - a scroll of fear {unknown}
 l - a scroll of teleportation {unknown}
Potions
 d - 2 potions of mutation {unknown}
 e - a potion of enlightenment {unknown}
 h - a potion of degeneration {unknown}
 m - a potion of lignification {unknown}


   Skills:
 + Level 3.5 Fighting
 + Level 3.7 Polearms
 + Level 2.5 Armour
 + Level 2.3 Dodging
 + Level 0.2 Stealth


You had 3 spell levels left.
You didn't know any spells.
Your spell library contained the following spells:

 Spells                   Type           Power      Damage    Failure   Level
 Kiss of Death            Conj/Necr      0%         2d5       98%         1
 Call Imp                 Summ           0%         N/A       99%         2
 Cigotuvi's Dreadful Rot  Necr/Alch/Air  0%         N/A       99%         2
 Sublimation of Blood     Necr           0%         N/A       99%         2
 Fugue of the Fallen      Necr           0%         N/A       100%        3
 Vampiric Draining        Necr           0%         2d6       100%        3
 Summon Hydra             Summ           0%         N/A       100%        7


Dungeon Overview and Level Annotations

Branches:
Dungeon (2/15)

Altars:
Kikubaaqudgha


Innate Abilities, Weirdness & Mutations

You regain HP and MP as you explore.


Message History

The adder is almost dead.
The adder bites you.
You are poisoned.
The adder poisons you!
You hit the adder.
You kill the adder!
Kikubaaqudgha accepts your kill.
You feel sick.
You have reached level 4!
You feel clever.
You feel sick.
You feel sick.
You feel sick.
You are no longer poisoned.
You now have 156 gold pieces (gained 15).
You see here an adder corpse.
Trog sends monsters to punish you. 2 black bears and 3 polar bears come into view.
The polar bear moves out of view.
The black bear barely misses you.
The black bear claws you but does no damage.
The black bear barely misses you. The black bear bites you.
The black bear claws you but does no damage.
The black bear claws you. The polar bear bites you.
The polar bear claws you. x2
Reach: a) +0 spear
Press: ? - help, Dir - move target, f - polar bear
Aim: a polar bear (durably summoned, berserk, about 31% to evade your +0 spear)
Okay, then.
Unknown command.
Unknown command.
There are monsters nearby!
You hit the black bear.
The black bear is lightly wounded.
The polar bear barely misses you. The polar bear claws you.
The polar bear completely misses you. The polar bear bites you!
* * * LOW HITPOINT WARNING * * *
The polar bear closely misses you. The polar bear barely misses you.
The black bear bites you!
You die...
Kikubaaqudgha rasps: "You have failed me!
Welcome... death!"

....#.# .##.#.#
.##.#.# ....#.# #
....#$###.#####
.##.#~.......~##
......~#+++~#..#
.##.~##~....#~~####
.##.~#~.~~...#hh@.#
..~~~#.~.~~..#.hhh#
...###~~~..~~##~~.#
.#.~~.~~~_~~.~~#..#
.#.#8~###~#~#~8#..#
.#.###~~~~~.####..#
#~..~~.~~..~...~.#
##......†.....##.#
#...........###†#####


You could see 3 polar bears and 2 black bears.

Vanquished Creatures
  2 adders (D:2)
  2 dart slugs (D:1)
  A ball python (D:1)
  3 endoplasms (D:1)
  2 giant cockroaches (D:1)
  6 goblins
  5 hobgoblins
  2 kobolds (D:1)
  2 quokkas
  A bat (D:1)
  4 frilled lizards (D:1)
  6 rats
  A spectral kobold (D:2)
37 creatures vanquished.

Notes
Turn   | Place    | Note
-------+----------+-------------------------------------------
     0 | D:1      | Roachkun the Human Berserker began the quest for the Orb.
     0 | D:1      | Reached XP level 1. HP: 18/18 MP: 1/1
   108 | D:1      | Reached XP level 2. HP: 21/24 MP: 2/2
   392 | D:1      | Reached XP level 3. HP: 29/29 MP: 3/3
   568 | D:1      | Reached ** piety under Trog
   807 | D:2      | Found a faded altar of an unknown god.
   822 | D:2      | Prayed at the altar of an unknown god.
   822 | D:2      | Fell from the grace of Trog
   822 | D:2      | Became a worshipper of Kikubaaqudgha
   822 | D:2      | Reached * piety under Kikubaaqudgha
   822 | D:2      | Received a gift from Kikubaaqudgha
   895 | D:2      | Reached XP level 4. HP: 30/35 MP: 4/4
   937 | D:2      | Noticed a black bear
   937 | D:2      | Noticed a polar bear
   937 | D:2      | Noticed a polar bear
   937 | D:2      | Noticed a black bear
   937 | D:2      | Noticed a polar bear
   939 | D:2      | Slain by a black bear

Illustrated notes

Levels and vault maps discovered:
D:1:      nzn_arrival_depleted_hourglass, layout_rooms
D:2:      layout_basic, dreamdust_ecumenical_altar_drowned_temple,
          uniq_crazy_yiuf_cottage

Action                     |  1- 3 |  4- 6 || total
---------------------------+-------+-------++-------
  Melee: Spear             |   149 |     1 ||   150
         Punch             |     2 |       ||     2
 Armour: Ring mail         |    49 |       ||    49
         Chain mail        |    39 |    10 ||    49
  Dodge: Dodged            |    87 |     6 ||    93
